 Dungeon Crawl Stone Soup version 0.29.1-12-g30fa7ad0bf (webtiles) character file.

Game seed: 3877514252884643379

337 hawla the Chiller (level 7, -6/50 HPs)
             Began as a Meteoran Ice Elementalist on Jan 1, 2023.
             Mangled by a gnoll sergeant
             ... wielding a +0 trident
              (9 damage)
             ... on level 5 of the Dungeon.
             The game lasted 00:06:27 (1255 turns).

hawla the Chiller (Meteoran Ice Elementalist)       Turns: 1255, Time: 00:06:27

Health: -6/50      AC:  3    Str: 11    XL:     7   Next: 11%
Magic:  1/13       EV: 12    Int: 18    God:
Gold:   119        SH:  0    Dex: 14    Spells: 5/13 levels left

rFire   . . .      SeeInvis .   b - +2 quarterstaff (chaos)
rCold   . . .      Faith    .   (shield currently unavailable)
rNeg    . . .      Spirit   .   a - +0 robe
rPois   .          Reflect  .   (no helmet)
rElec   .          Harm     .   c - +0 cloak
rCorr   .          Rampage  .   (no gloves)
Will    .....                   (no boots)
Stlth   +.........              (no amulet)
HPRegen 0.16/turn               (no ring)
MPRegen 0.13/turn               (no ring)

@: glowing, unable to drink
A: sense surroundings 1, otherworldly, glowing, explore regen, inability to
drink after injury 1
a: no special abilities


You were on level 5 of the Dungeon.
You visited 1 branch of the dungeon, and saw 5 of its levels.

You collected 119 gold pieces.

Inventory:

Hand Weapons
 b - a +2 quarterstaff of chaos (weapon)
Armour
 a - a +0 robe (worn)
 c - a +0 cloak (worn)
Wands
 d - a wand of roots (5)
Scrolls
 e - 2 scrolls of teleportation
Potions
 f - a potion of might
 i - a potion of attraction {unknown}


   Skills:
 - Level 3.9 Staves
 - Level 2.6 Dodging
 - Level 1.4 Stealth
 - Level 3.6 Spellcasting
 + Level 4.8 Conjurations
 - Level 5.2 Ice Magic


You had 5 spell levels left.
You knew the following spells:

 Your Spells              Type           Power      Damage    Failure   Level
a - Freeze                Ice            88%        1d10      1%          1
b - Frozen Ramparts       Ice            44%        1d7       5%          3
c - Hailstorm             Conj/Ice       21%        3d6       19%         4

Your spell library contained the following spells:

 Spells                   Type           Power      Damage    Failure   Level
 Ozocubu's Armour         Ice            22%        N/A       5%          3
 Summon Small Mammal      Summ           12%        N/A       16%         1
 Call Canine Familiar     Summ           3%         N/A       43%         3
 Summon Guardian Golem    Hex/Summ       3%         N/A       43%         3


Dungeon Overview and Level Annotations

Branches:
Dungeon (5/15) Zot: 1741
 Temple: D:4-7

Altars:
Ashenzari


Innate Abilities, Weirdness & Mutations

You passively map a small area around you.
You are easily found by Zot.
You glow in the dark.
You regain HP and MP as you explore.
You occasionally lose the ability to drink potions when taking damage.


Message History

The frozen ramparts melt away.
A gnoll comes into view. It is wielding a +0 halberd.
The gnoll sergeant barely misses you.
Casting: Frozen Ramparts (dangerous; 5% risk of failure)
Confirm with . or Enter, or press ? or * to list all spells.
Casting: Frozen Ramparts (dangerous; 5% risk of failure)
Press: ? - help, Dir - look around, f - activate The walls around you are covered in ice.
The gnoll shouts!
You hear a shout!
The wall freezes the gnoll.
The wall freezes the gnoll sergeant but does no damage.
The gnoll sergeant hits you from afar with a +0 trident!
You feel threatened and lose the ability to drink potions!
You hear a shout!
The wall freezes the gnoll.
The wall freezes the gnoll sergeant.
The gnoll sergeant hits you from afar with a +0 trident!
* * * LOW HITPOINT WARNING * * *
You cannot drink potions in your current state!
Okay, then.
Your frozen ramparts will break if you move.
Continue?
The frozen ramparts melt away as you move.
A gnoll comes into view. It is wielding a +0 spear.
The gnoll throws a throwing net.
The throwing net hits you.
You become entangled in the net!
You see here a throwing net.
You struggle against the net.
You can drink potions again.
A gnoll comes into view. It is wielding a +0 flail.
The gnoll sergeant hits you from afar with a +0 trident!
You feel threatened and lose the ability to drink potions!
* * * LOW HITPOINT WARNING * * *
You struggle against the net.
You can drink potions again.
The gnoll sergeant hits you from afar with a +0 trident.
* * * LOW HITPOINT WARNING * * *
You rip the net and break free!
A gnoll comes into view. It is wielding a +0 club.
The gnoll sergeant hits you from afar with a +0 trident!
You feel threatened and lose the ability to drink potions!
You die...

##.. ,.. , ..#*
.#,** * *###.# .#,#
#...###.#.###.
###.......gg....* *
#.......g.#.#### *
#.....g...#, *~
#.....g...#** ,, *
* #...@###..# ,, *
#....###..# ** , ,
#....#≈#..# * ~
#....#≈#..# * * *
###.#.~.#.#
######### #...~.#.#
#.).....#
###.~.#.###.#####.#
##≈##.....#
#≈######.#####


You could see a gnoll sergeant and 4 gnolls.

Vanquished Creatures
  An ogre (D:5)
  A phantom (D:4)
  Crazy Yiuf (D:3)
  Jessica (D:3)
  An iguana (D:4)
  Terence (D:3)
  A gnoll (D:5)
  3 adders (D:2)
  2 dart slugs (D:1)
  4 orcs
  2 endoplasms (D:2)
  2 giant cockroaches
  A goblin (D:3)
  4 hobgoblins
  4 jackals (D:4)
  4 kobolds
  3 quokkas
  2 ball pythons
  3 frilled lizards (D:3)
41 creatures vanquished.

Notes
Turn   | Place    | Note
-------+----------+-------------------------------------------
     0 | D:1      | hawla the Meteoran Ice Elementalist began the quest for the
                  | Orb.
     0 | D:1      | Reached XP level 1. HP: 14/14 MP: 5/5
    94 | D:1      | Reached XP level 2. HP: 16/20 MP: 0/6
   212 | D:2      | Reached skill level 5 in Ice Magic
   212 | D:2      | Reached XP level 3. HP: 18/26 MP: 5/8
   217 | D:2      | Learned a level 3 spell: Frozen Ramparts
   225 | D:3      | Noticed Terence
   233 | D:3      | Noticed Jessica
   276 | D:2      | Reached XP level 4. HP: 29/33 MP: 4/10
   281 | D:2      | Learned a level 4 spell: Hailstorm
   335 | D:3      | Found a runed translucent door.
   337 | D:3      | Noticed Crazy Yiuf
   344 | D:3      | Killed Crazy Yiuf
   345 | D:3      | Gained mutation: You occasionally lose the ability to drink
                  | potions when taking damage. [potion of mutation]
   352 | D:3      | Killed Terence
   353 | D:3      | Reached XP level 5. HP: 5/38 MP: 5/11
   353 | D:3      | Killed Jessica
   509 | D:4      | Reached skill level 1 in Staves
   517 | D:4      | Noticed a phantom
   518 | D:4      | Reached XP level 6. HP: 43/45 MP: 8/12
   554 | D:4      | Found a broken altar of Ashenzari.
  1192 | D:5      | Entered Level 5 of the Dungeon
  1208 | D:5      | Noticed an ogre
  1212 | D:5      | Killed an ogre
  1213 | D:5      | Reached XP level 7. HP: 50/50 MP: 1/13
  1255 | D:5      | Mangled by a gnoll sergeant

Illustrated notes

Levels and vault maps discovered:
D:1:      minmay_arrival_four_loops, layout_loops_ring,
          dreamdust_ecumenical_altar_sealed_demon, serial_shops,
          nicolae_shop_trees
D:2:      layout_basic
D:3:      layout_basic, serial_shops, shop_fountains, uniq_grinder,
          uniq_terence, uniq_jessica, uniq_crazy_yiuf_cottage
D:4:      layout_gridville, nicolae_ashenzari_panopticon
D:5:      old_forge, layout_basic, lemuel_tele_altar, serial_rivers,
          chequers_serial_rivers_micro_a, chequers_serial_rivers_micro_b,
          chequers_serial_rivers_small_b, chequers_serial_rivers_room_b,
          chequers_serial_rivers_micro_a, chequers_serial_rivers_large_a,
          uniq_ijyb

Skill      XL: |  1  2  3  4  5  6 |
---------------+-------------------+-----
Ice Magic      | 5 |  5.2
Spellcasting   | 3 |  3.6
Conjurations   | 3 4 |  4.8
Staves         | 1 3 |  3.9
Dodging        | |  2.6
Stealth        | |  1.4

Action                   |  1- 3 |  4- 6 |  7- 9 || total
-------------------------+-------+-------+-------++-------
Melee: Unarmed           |     4 |       |       ||     4
       Quarterstaff      |       |    18 |       ||    18
 Cast: Freeze            |    18 |    11 |       ||    29
       Frozen Ramparts   |     3 |    10 |     2 ||    15
       Hailstorm         |       |     5 |     1 ||     6
  Use: Potion            |       |     5 |       ||     5
       Scroll            |       |     4 |       ||     4
Armor: Robe              |     5 |     7 |       ||    12
       Skin              |       |     4 |       ||     4
Dodge: Dodged            |     6 |    14 |     4 ||    24
